 Dungeon Crawl Stone Soup version 0.25-a0-317-g5f8687bca5 (webtiles) character file.

Game seed: 5681016959013987953, levelgen mode: deterministic

9611 Error4North the Cleaver (level 11, -11/92 HPs)
             Began as a Hill Orc Fighter on Dec 19, 2019.
             Was an Elder of Okawaru.
             Mangled by an ettin
             ... wielding a +0 dire flail
              (22 damage)
             ... on level 11 of the Dungeon on Dec 26, 2019.
             The game lasted 01:05:41 (12605 turns).

Error4North the Cleaver (Hill Orc Fighter)         Turns: 12605, Time: 01:05:42

Health: -11/92     AC: 16    Str: 23    XL:     11   Next: 49%
Magic:  0/18       EV:  6    Int:  8    God:    Okawaru [****..]
Gold:   707        SH: 16    Dex: 10    Spells: 8/19 levels left

rFire    + + .     SeeInvis .   z - +1 mace (crush)
rCold    . . .     Gourm    .   c - +0 shield
rNeg     . . .     Faith    .   D - +0 plate armour
rPois    .         Spirit   +   (helmet restricted)
rElec    .         Reflect  +   J - scarf {Spirit}
rCorr    .         Harm     .   m - +0 pair of gloves
MR       .....                  x - +0 pair of boots
Stlth    ..........             k - +4 amulet of reflection
HPRegen  0.25/turn              j - ring of protection from fire
MPRegen  0.16/turn              N - ring of flight

@: no status effects
A: horns 1, fire resistance 1
a: Heroism, Renounce Religion, Evoke Flight


You were on level 11 of the Dungeon.
You worshipped Okawaru.
Okawaru was greatly pleased with you.
You were not hungry.

You visited 2 branches of the dungeon, and saw 12 of its levels.

You collected 938 gold pieces.
You spent 231 gold pieces at shops.

Inventory:

Hand Weapons
 a - a +0 war axe
 z - a +1 mace of crushing (weapon)
 A - a +0 hunting sling
 E - a +0 falchion of flaming
 K - a +1 flail of holy wrath
Missiles
 l - 88 sling bullets
 r - 5 javelins (quivered)
 s - 12 boomerangs
 H - 228 stones
Armour
 c - a +0 shield (worn)
 m - a +0 pair of gloves (worn)
 x - a +0 pair of boots (worn)
 D - a +0 plate armour (worn)
 J - a scarf of spirit shield (worn)
Jewellery
 j - a ring of protection from fire (left hand)
 k - a +4 amulet of reflection (around neck)
 L - an uncursed ring of resist corrosion
 N - a ring of flight (right hand)
Wands
 b - a wand of paralysis (7)
 d - a wand of enslavement (11)
 I - a wand of iceblast (8)
Scrolls
 g - 4 scrolls of immolation {unknown}
 h - 3 scrolls of teleportation
 i - 3 scrolls of identify
 o - 4 scrolls of enchant armour {unknown}
 q - 2 scrolls of blinking {unknown}
 t - 4 scrolls of magic mapping {unknown}
 u - 7 scrolls of remove curse
 v - 2 scrolls of random uselessness {unknown}
 w - 3 scrolls of enchant weapon {unknown}
 y - 3 scrolls of amnesia {unknown}
Potions
 e - a potion of flight
 n - a potion of haste
 B - 2 potions of agility
 C - a potion of invisibility {unknown}
 F - a potion of ambrosia {unknown}
 G - 3 potions of berserk rage {unknown}
 M - a potion of heal wounds
 O - a potion of magic {unknown}
Comestibles
 f - 16 rations


   Skills:
 + Level 7.6 Fighting
 + Level 0.1 Long Blades
 + Level 11.5(11.6) Axes
 + Level 1.3(6.3) Maces & Flails
 + Level 3.4 Slings
 + Level 0.3(2.1) Throwing
 * Level 7.3 Armour
 + Level 1.5 Dodging
 + Level 0.1 Stealth
 * Level 9.5 Shields
 + Level 4.7 Spellcasting
 * Level 1.4 Hexes
 * Level 1.0 Charms
 * Level 1.4 Necromancy
 * Level 1.1 Translocations
 * Level 4.4 Invocations
 * Level 3.4 Evocations


You had 8 spell levels left.
You knew the following spells:

 Your Spells              Type           Power        Failure   Level  Hunger
a - Infusion              Chrm           #...         99%         1    #......
b - Shroud of Golubria    Chrm/Tloc      #.....       100%        2    ###....
c - Song of Slaying       Chrm           #.......     100%        2    ###....
d - Regeneration          Chrm/Necr      #.........   100%        3    ###....
e - Spectral Weapon       Hex/Chrm       #.......     100%        3    ###....

Your spell library contained the following spells:

 Spells                   Type           Power        Failure   Level  Hunger
 Animate Skeleton         Necr           N/A          99%         1    #......
 Apportation              Tloc           #.....       99%         1    #......
 Confusing Touch          Hex            #.....       99%         1    #......
 Summon Small Mammal      Summ           #...         100%        1    #......


Dungeon Overview and Level Annotations

Branches:
Dungeon (11/15)            Temple (1/1) D:7            Lair (0/6) D:8
    Orc: D:9-12

Altars:
Ashenzari
Cheibriados
Dithmenos
Elyvilon
Fedhas
Gozag
Hepliaklqana
Kikubaaqudgha
Makhleb
Nemelex Xobeh
Okawaru
Qazlal
Ru
Sif Muna
Trog
Uskayaw
Vehumet
Wu Jian
Xom
Yredelemnul
Zin

Shops:
D:5 (   D:7 *!}?!   D:10 (

Annotations:
D:8 Gastronok
D:11 2 runed translucent doors, Thantalas's ghost, journeyman GnWn


Innate Abilities, Weirdness & Mutations

You have a pair of small horns on your head.
Your flesh is heat resistant. (rF+)


Message History

The ettin hits you with a +0 dire flail!!!
* * * LOW HITPOINT WARNING * * *
You block the ettin's attack.
You hit the ettin.
You headbutt the ettin, but do no damage.
The ettin is severely wounded.
The ettin barely misses you.
The ettin hits you with a +0 dire flail!
* * * LOW HITPOINT WARNING * * *
You feel better. You block the ettin's attack. x2
You hit the ettin.
You headbutt the ettin, but do no damage.
The ettin is severely wounded.
The ettin hits you with a +0 dire flail.
* * * LOW HITPOINT WARNING * * *
You block the ettin's attack.
You hit the ettin but do no damage. You headbutt the ettin!
The ettin is almost dead.
The ettin hits you with a +0 dire flail!!
You die...

.## ≈≈≈≈.....### .(#
≈≈≈≈....K### #.#
.≈≈≈≈........ #.#
#≈≈≈......... #.##
#≈≈≈......(.. #..#
#≈........### ##.#
#............ #.#
#............ #@#
#.........##. #C#
#........##. ####.#
#......(.... #.##(#
#......(.... #...(##
#...........
#.....####........#..
#.......##...........
#...(.#.###..........
#.#..(#....#.........


You could see an ettin.

Vanquished Creatures
  A hydra (D:8)
  A two-headed ogre (D:10)
  2 cyclopes (D:11)
  Joseph (D:7)
  2 trolls (D:11)
  A hippogriff (D:10)
  2 dream sheep (D:8)
  A wraith (D:11)
  2 yaks (D:8)
  A hungry ghost (D:11)
  A basilisk (D:9)
  6 wargs
  Duvessa (D:7)
  3 orc warriors
  A black bear (D:8)
  3 sky beasts
  2 ice beasts
  4 ogres (D:11)
  A phantom (D:9)
  2 centaurs
  8 big kobolds
  6 bullfrogs
  Dowan (D:7)
  A scorpion (D:9)
  A crimson imp (D:11)
  2 bullfrog zombies
  3 quasits
  9 orc priests
  2 hounds
  5 jellies
  16 orc wizards
  2 iguanas
  9 worker ants
  A worker ant zombie (D:5)
  15 gnolls
  12 adders
  2 shadow imps
  4 oozes
  3 adder skeletons
  2 worms (D:2)
  3 dart slugs
  5 leopard geckos
  46 orcs
  10 bats
  7 giant cockroaches
  3 goblins
  8 hobgoblins
  13 jackals
  30 kobolds
  4 quokkas
  2 ball pythons
  6 frilled lizards
  A jackal zombie (D:7)
  2 leopard gecko skeletons
  5 rats
287 creatures vanquished.

Vanquished Creatures (others)
  A cyclops (D:11)
  A centaur (D:7)
2 creatures vanquished.

Grand Total: 289 creatures vanquished

Notes
Turn   | Place    | Note
-------+----------+-------------------------------------------
     0 | D:1      | Error4North the Hill Orc Fighter began the quest for the
                  | Orb.
     0 | D:1      | Reached XP level 1. HP: 19/19 MP: 1/1
    92 | D:1      | Reached XP level 2. HP: 22/27 MP: 2/2
   388 | D:1      | Reached XP level 3. HP: 33/33 MP: 3/3
   750 | D:2      | Reached skill level 3 in Axes
   803 | D:2      | Reached XP level 4. HP: 22/40 MP: 4/4
  1177 | D:2      | HP: 1/40 [poisoned by a gnoll]
  1514 | D:2      | Reached skill level 1 in Spellcasting
  1514 | D:2      | Reached XP level 5. HP: 43/46 MP: 6/6
  1773 | D:2      | Reached skill level 4 in Axes
  2382 | D:3      | Found a faded altar of an unknown god.
  2473 | D:3      | Reached skill level 1 in Dodging
  2473 | D:3      | Reached XP level 6. HP: 46/53 MP: 7/7
  3183 | D:4      | Reached skill level 5 in Axes
  3628 | D:4      | Found a shimmering blue altar of Sif Muna.
  3855 | D:4      | Identified the +1 ring mail of Creativity {rC+}
  3861 | D:4      | Reached XP level 7. HP: 55/60 MP: 9/9
  3870 | D:4      | Reached skill level 5 in Fighting
  4248 | D:5      | Entered Level 5 of the Dungeon
  4345 | D:5      | Reached skill level 5 in Shields
  4428 | D:5      | Reached skill level 6 in Axes
  4991 | D:5      | Found Kopoack's Weapon Shop.
  5028 | D:5      | Reached XP level 8. HP: 32/69 MP: 11/11
  5414 | D:6      | HP: 2/69 [orc warrior/+0 hand axe (13)]
  5449 | D:5      | Reached skill level 7 in Axes
  5803 | D:6      | Reached skill level 5 in Armour
  6238 | D:6      | Reached skill level 8 in Axes
  6506 | D:7      | Noticed Joseph
  6565 | D:7      | Killed Joseph
  6591 | D:7      | Found an opulent altar of Gozag.
  6618 | D:7      | Found Duetum's Distillery.
  6623 | D:7      | Bought a potion of mutation for 112 gold pieces
  6623 | D:7      | Gained mutation: Your flesh is heat resistant. (rF+)
                  | [potion of mutation]
  6623 | D:7      | Gained mutation: You have a pair of small horns on your
                  | head. [potion of mutation]
  6631 | D:7      | Found Sifuij's General Store.
  6639 | D:7      | Bought a scroll of remove curse for 48 gold pieces
  6692 | D:7      | Found Weruhid's Magic Scroll Boutique.
  6693 | D:7      | Noticed Duvessa
  6693 | D:7      | Noticed Dowan
  6704 | D:7      | Killed Duvessa
  6704 | D:7      | Reached XP level 9. HP: 72/75 MP: 13/13
  6709 | D:7      | Killed Dowan
  6709 | D:7      | Reached skill level 9 in Axes
  6741 | D:7      | Found an ancient bone altar of Kikubaaqudgha.
  6751 | D:7      | Bought a scroll of identify for 26 gold pieces
  6760 | D:7      | Found Exog Pep's Distillery.
  6768 | D:7      | Bought a potion of flight for 45 gold pieces
  6773 | D:7      | Found a glowing silver altar of Zin.
  7078 | D:7      | Found a staircase to the Ecumenical Temple.
  7094 | Temple   | Entered the Ecumenical Temple
  7221 | Temple   | Became a worshipper of Warmaster Okawaru
  7350 | D:7      | Found Saem's Gadget Shop.
  7573 | D:7      | Found a snail-covered altar of Cheibriados.
  7574 | D:7      | Found a hide-covered altar of Uskayaw.
  7789 | D:8      | Reached skill level 1 in Maces & Flails
  7865 | D:8      | Reached skill level 1 in Slings
  7892 | D:8      | Found a staircase to the Lair.
  7943 | D:8      | Reached * piety under Okawaru
  8457 | D:8      | Reached skill level 10 in Axes
  8583 | D:8      | Reached skill level 1 in Invocations
  8583 | D:8      | Reached XP level 10. HP: 84/84 MP: 15/15
  8601 | D:8      | Reached skill level 1 in Evocations
  8612 | D:8      | Reached ** piety under Okawaru
  8798 | D:8      | Noticed a three-headed hydra
  8805 | D:8      | Killed a one-headed hydra
  8888 | D:8      | Noticed Gastronok
  9096 | D:9      | Reached skill level 11 in Axes
  9194 | D:9      | Reached *** piety under Okawaru
  9294 | D:9      | Upgraded the game from 0.25-a0-294-gea9b1ad378 to
                  | 0.25-a0-317-g5f8687bca5
  9402 | D:9      | Found a hazy altar of Hepliaklqana.
  9641 | D:10     | Entered Level 10 of the Dungeon
  9724 | D:10     | Found Pieguirgh's Weapon Emporium.
  9810 | D:10     | Learned a level 1 spell: Infusion
  9813 | D:10     | Learned a level 2 spell: Shroud of Golubria
  9816 | D:10     | Learned a level 2 spell: Song of Slaying
  9820 | D:10     | Learned a level 3 spell: Regeneration
  9824 | D:10     | Learned a level 3 spell: Spectral Weapon
 10522 | D:11     | Found a large runed translucent door.
 10522 | D:11     | Found a large runed translucent door.
 10522 | D:11     | Noticed Thantalas's ghost (journeyman GnWn)
 10673 | D:11     | Reached XP level 11. HP: 62/92 MP: 12/17
 10689 | D:11     | Found a shadowy altar of Dithmenos.
 10754 | D:11     | Reached **** piety under Okawaru
 10780 | D:11     | Noticed a cyclops
 10955 | D:11     | Noticed a cyclops
 10987 | D:11     | Killed a cyclops
 11039 | D:11     | Noticed a two-headed ogre
 11072 | D:11     | Noticed a cyclops
 11075 | D:11     | Noticed an ettin
 11083 | D:11     | Noticed a cyclops
 11636 | D:11     | Noticed an ettin
 12128 | D:11     | Received a gift from Okawaru
 12204 | D:11     | Killed a cyclops
 12204 | D:11     | Reached skill level 1 in Hexes
 12204 | D:11     | Reached skill level 1 in Necromancy
 12333 | D:11     | Noticed a cyclops
 12357 | D:11     | Noticed a cyclops
 12391 | D:10     | Killed a two-headed ogre
 12391 | D:10     | Reached skill level 1 in Translocations
 12573 | D:11     | Killed a cyclops
 12573 | D:11     | Reached skill level 1 in Charms
 12605 | D:11     | Mangled by an ettin

Levels and vault maps discovered:
D:1:      dpeg_chamrin_arrival_tetris, layout_basic
D:2:      layout_loops_ring, chequers_serial_rivers_small_b
D:3:      layout_basic, chequers_ecumenical_altar_simple
D:4:      layout_loops_ring, led_sif_pool, first_ration
D:5:      layout_loops_ring, serial_shops, shop
D:6:      layout_loops_corners, dk_noncrumbling_2, kennysheep_decorative_pillar,
          chequers_garden
D:7:      layout_cave_pods, old_standard_altar, kiku_gazebo_pond_becter,
          zin_academy, gammafunk_temple_overflow_pools,
          minmay_temple_entry_proselytizer, serial_shops, shop_coins, shop,
          shop, nicolae_shop_trees, kennysheep_little_box, uniq_joseph,
          uniq_duvessa
D:8:      layout_basic, nicolae_tso_swordbearing_angel,
          erik_lair_orcish_takeover, hangedman_ranch [blue_anna_fruit_fields],
          uniq_gastronok
D:9:      minmay_clustersquares, layout_loops_ring, old_standard_altar
D:10:     layout_roguey, serial_shops, shop, minmay_misc_feat_rows
D:11:     giant_chief_lemuel, layout_long_grid, ebering_ghost_disaster_area,
          minmay_misc_feat_plants, grunt_dithmenos_smoke_and_mirrors
Temple:   dpeg_chambers_temple

Skill      XL: |  1  2  3  4  5  6  7  8  9 10 11 |
---------------+----------------------------------+-----
Axes           | 3 4 5 6 8 10 11 | 11.5
Fighting       | 4 5 6 7 |  7.6
Shields        | 4 5 6 8 9 |  9.5
Spellcasting   | 1 2 3 4 |  4.7
Armour         | 4 5 6 7 |  7.3
Dodging        | 1 |  1.5
Maces & Flails | 1 |  1.3
Slings         | 1 2 3 |  3.4
Invocations    | 1 3 4 |  4.4
Evocations     | 2 3 |  3.4
Hexes          | 1 |  1.4
Necromancy     | 1 |  1.4
Translocations | 1 |  1.1
Charms         | 1 |  1.0
Long Blades    | |  0.1
Throwing       | |  0.3
Stealth        | |  0.1

Action                   |  1- 3 |  4- 6 |  7- 9 | 10-12 || total
-------------------------+-------+-------+-------+-------++-------
Melee: War axe           |    84 |   282 |   395 |   329 ||  1090
       Headbutt          |       |       |    43 |    71 ||   114
       Mace              |       |       |     5 |    31 ||    36
       Flail             |       |       |       |    22 ||    22
       Falchion          |       |       |       |     6 ||     6
 Fire: Hunting sling     |       |       |    29 |   103 ||   132
Throw: Javelin           |       |     8 |       |    12 ||    20
Invok: Heroism           |       |       |       |     2 ||     2
Evoke: Wand              |       |       |     1 |       ||     1
  Use: Potion            |       |     2 |     6 |     4 ||    12
       Scroll            |       |       |     3 |     4 ||     7
  Eat: Chunk             |       |     7 |     4 |     7 ||    18
       Ration            |       |     1 |     3 |     4 ||     8
Armor: Scale mail        |    54 |   134 |    45 |       ||   233
       Plate armour      |       |       |    98 |   187 ||   285
       Skin              |       |       |    11 |       ||    11
Dodge: Dodged            |    29 |   105 |    66 |    76 ||   276
Block: Shield            |    50 |   154 |   239 |   339 ||   782
       Reflection        |       |       |     7 |    17 ||    24

Table legend:
 A = Non-vault XP
 B = Vault XP
 C = Vault XP percentage of total XP
 D = Non-vault monster count
 E = Vault monster count
 F = Vault count percentage of total count
                 A         B        C        D         E       F
            +---------+---------+-------+---------+---------+-------
      Total |    6465 |    7265 |  52.9 |     253 |      36 |  12.5
            +---------+---------+-------+---------+---------+-------
        D:1 |      36 |       0 |   0.0 |      18 |       0 |   0.0
        D:2 |     196 |       0 |   0.0 |      35 |       0 |   0.0
        D:3 |     125 |       0 |   0.0 |      30 |       0 |   0.0
        D:4 |     333 |       0 |   0.0 |      31 |       0 |   0.0
        D:5 |     670 |       0 |   0.0 |      23 |       0 |   0.0
        D:6 |     378 |       0 |   0.0 |      10 |       0 |   0.0
        D:7 |     196 |     712 |  78.4 |       8 |       4 |  33.3
        D:8 |     920 |    2861 |  75.7 |      28 |      18 |  39.1
        D:9 |     575 |     233 |  28.8 |      21 |       3 |  12.5
       D:10 |     950 |    1283 |  57.5 |      12 |       3 |  20.0
       D:11 |    2086 |    2176 |  51.1 |      37 |       8 |  17.8
            +---------+---------+-------+---------+---------+-------
